 Dungeon Crawl Stone Soup version 0.26.1-11-gd32895ea62 (webtiles) character file.

Game seed: 12473258730721723891

91 nightchill the Sneak (level 4, 0/22 HPs)
             Began as a Spriggan Enchanter on Apr 21, 2021.
             Was an Initiate of Gozag.
             Killed from afar by an orc wizard (5 damage)
             ... with a magic dart
             ... on level 3 of the Dungeon.
             The game lasted 00:06:01 (3224 turns).

nightchill the Sneak (Spriggan Enchanter)           Turns: 3224, Time: 00:06:02

Health: 0/22       AC:  4    Str:  5    XL:     4   Next: 34%
Magic:  1/9        EV: 18    Int: 16    God:    Gozag
Gold:   189        SH:  0    Dex: 16    Spells: 2/8 levels left

rFire    . . .     SeeInvis +   a - +1 dagger
rCold    . . .     Faith    .   (shield restricted)
rNeg     . . .     Spirit   .   b - +0 robe
rPois    .         Reflect  .   (helmet restricted)
rElec    .         Harm     .   d - +1 cloak
rCorr    .         Rampage  .   (gloves unavailable)
Will     .....                  (boots unavailable)
Stlth    +++.......             (no amulet)
HPRegen  0.07/turn              (no ring)
MPRegen  0.11/turn              (no ring)

@: very quick
A: very small, unfitting armour, see invisible, speed 3
a: Renounce Religion, Potion Petition, Call Merchant, Bribe Branch


You were on level 3 of the Dungeon.
You worshipped Gozag.
Gozag was aware of your devotion.
You visited 1 branch of the dungeon, and saw 3 of its levels.

You collected 244 gold pieces.
You paid 55 gold pieces to Gozag.

Inventory:

Hand Weapons
 a - a +1 dagger (weapon)
Missiles
 q - 8 atropa-tipped darts
Armour
 b - a +0 robe (worn)
 d - a +1 cloak (worn)
 j - a +0 buckler
Jewellery
 o - a cursed amulet of inaccuracy {unknown}
 u - a +4 ring of slaying {unknown}
 v - an uncursed ring of protection from fire {unknown}
Scrolls
 e - a scroll of enchant weapon {unknown}
 f - 2 scrolls of identify {unknown}
 g - 3 scrolls of remove curse {unknown}
 k - a scroll of immolation {unknown}
 p - a scroll of amnesia {unknown}
 s - a scroll of teleportation {unknown}
 t - a scroll of blinking {unknown}
Potions
 c - a potion of curing {unknown}
 h - 2 potions of flight {unknown}
 i - 2 potions of might {unknown}
 l - 3 potions of haste {unknown}
 m - a potion of ambrosia {unknown}
 n - a potion of attraction {unknown}
 r - a potion of heal wounds {unknown}
 w - a potion of lignification {unknown}
 x - a potion of brilliance {unknown}


   Skills:
 + Level 1.0 Fighting
 * Level 2.8 Short Blades
 - Level 3.0 Dodging
 + Level 5.2 Stealth
 - Level 2.6 Spellcasting
 * Level 4.6 Hexes


You had 2 spell levels left.
You knew the following spells:

 Your Spells              Type           Power        Failure   Level
a - Corona                Hex            18%          3%          1
b - Ensorcelled Hibernat  Hex/Ice        18%          12%         2
c - Confusing Touch       Hex            17%          9%          3

Your spell library contained the following spells:

 Spells                   Type           Power        Failure   Level
 Tukima's Dance           Hex            17%          9%          3
 Dazzling Flash           Conj/Hex       18%          22%         3


Dungeon Overview and Level Annotations

Branches:
Dungeon (3/15)

Altars:
Cheibriados
Elyvilon
Gozag
Trog
Vehumet
Wu Jian
Yredelemnul

Annotations:
D:2 1 exclusion


Innate Abilities, Weirdness & Mutations

You are very small and have problems with some larger weapons.
You are too small for most types of armour.
You have supernaturally acute eyesight. (SInv)
You cover ground extremely quickly.


Message History

* * * LOW HITPOINT WARNING * * *
You hit the orc wizard.
The orc wizard is heavily wounded.
The orc wizard hits you but does no damage.
The orc wizard closely misses you.
You closely miss the orc wizard.
The orc wizard is heavily wounded.
The orc wizard becomes distracted by the nearby gold, dreaming of imaginary riches.
The orc wizard shouts!
You hit the orc wizard but do no damage.
The orc wizard is no longer distracted by gold.
The orc wizard is heavily wounded.
The orc wizard hits you but does no damage.
Unknown command.
You hit the orc wizard but do no damage.
The orc wizard is heavily wounded.
The orc wizard casts a spell at you. The magic dart hits you.
You die...
Your body crumbles into a pile of gold.

#.......#
#.......#
#.......#
#.......#
###..#### ##..# ##
##### #..# .. ...o
#..# .########oo.#
#..##.#...@oo#o..#
##..#.#.####.#...#
#..#.#.# #.#...##
##.#.#.# #o#....#
#...#.# #.o....#
##..#.# ###.##.#
#####..#.# ...
#.....>..# ####
#.########


You could see an orc wizard (fast, corona) and an orc.

Vanquished Creatures
  An orc wizard (D:3)
  3 adders (D:3)
  An ooze (D:1)
  2 worms (D:2)
  A leopard gecko (D:1)
  3 orcs (D:3)
  6 goblins
  5 hobgoblins
  A quokka (D:2)
  7 bats
  4 frilled lizards
  7 kobolds
  A rat (D:1)
42 creatures vanquished.

Vanquished Creatures (others)
  2 orcs (D:3)
2 creatures vanquished.

Grand Total: 44 creatures vanquished

Notes
Turn   | Place    | Note
-------+----------+-------------------------------------------
     0 | D:1      | nightchill the Spriggan Enchanter began the quest for the
                  | Orb.
     0 | D:1      | Reached XP level 1. HP: 9/9 MP: 5/5
   420 | D:1      | Reached XP level 2. HP: 13/13 MP: 4/6
   423 | D:1      | Learned a level 2 spell: Ensorcelled Hibernation
  1259 | D:2      | Reached XP level 3. HP: 17/17 MP: 5/8
  1344 | D:2      | Learned a level 3 spell: Confusing Touch
  1376 | D:2      | Found a bloodstained altar of Trog.
  1573 | D:2      | Found a basalt altar of Yredelemnul.
  1964 | D:3      | Reached skill level 5 in Stealth
  2025 | D:3      | Found a radiant altar of Vehumet.
  2057 | D:3      | Found an opulent altar of Gozag.
  2123 | D:3      | Became a worshipper of Gozag Ym Sagoz the Greedy
  2146 | D:3      | Found a snail-covered altar of Cheibriados.
  2188 | D:3      | Found a white marble altar of Elyvilon.
  2545 | D:3      | Reached skill level 1 in Fighting
  2826 | D:3      | Reached XP level 4. HP: 22/22 MP: 6/9
  3033 | D:3      | Found an ornate altar of the Wu Jian Council.
  3224 | D:3      | Killed from afar by an orc wizard

Illustrated notes

Levels and vault maps discovered:
D:1:      amcnicky_arrival_gap_in_the_tavern_cellar, layout_loops_ring
D:2:      layout_loops_ring, lemuel_doored_altar, trog_hazing_becter
D:3:      minmay_general_purpose_star, layout_basic, old_standard_altar,
          fiery_altar_vehumet, cheibriados_altar_1,
          nicolae_gozag_cash_rules_everything_around_me, marbit_many_paths

Skill      XL: |  1  2  3 |
---------------+----------+-----
Hexes          | 4 |  4.6
Short Blades   | 2 |  2.8
Stealth        | 5 |  5.2
Fighting       | 1 |  1.0
Dodging        | |  3.0
Spellcasting   | |  2.6

Action                   |  1- 3 |  4- 6 || total
-------------------------+-------+-------++-------
Melee: Dagger            |    79 |    19 ||    98
 Cast: Corona            |     3 |     1 ||     4
       Ensorcelled Hiber |    28 |    10 ||    38
       Confusing Touch   |     1 |       ||     1
 Stab: Sleeping          |    26 |     5 ||    31
       Confused          |     1 |       ||     1
Armor: Robe              |    15 |     3 ||    18
Dodge: Dodged            |    66 |     6 ||    72
